 Dungeon Crawl Stone Soup version 0.28.0 (webtiles) character file.

Game seed: 18196294096674762511

0 Spectrina the Sneak (level 1, -5/13 HPs)
             Began as a Vampire Delver on Feb 15, 2022.
             Slain by a phantom (6 damage)
             ... on level 4 of the Dungeon.
             The game lasted 00:02:11 (145 turns).

Spectrina the Sneak (Vampire Delver)                 Turns: 145, Time: 00:02:12

Health: -5/13      AC:  3    Str: 11    XL:     1   Next: 8%
Magic:  1/1        EV: 12    Int: 12    God:
Gold:   23         SH:  0    Dex: 15    Spells: 0/0 levels left

rFire   . . .      SeeInvis +   a - +0 short sword
rCold   + + .      Faith    .   (no shield)
rNeg    + + +      Spirit   .   b - +0 leather armour
rPois   ∞          Reflect  .   (no helmet)
rElec   .          Harm     .   (no cloak)
rCorr   .          Rampage  .   (no gloves)
Will    .....                   (no boots)
Stlth   +++++.....              (no amulet)
HPRegen 0.00/turn               (no ring)
MPRegen 0.07/turn               (no ring)

@: bloodless, inhibited regen
A: bloodless, fangs 3, see invisible, vampiric 1
a: Revivify


You were on level 4 of the Dungeon.
You visited 1 branch of the dungeon, and saw 3 of its levels.

You collected 23 gold pieces.

Inventory:

Hand Weapons
 a - a +0 short sword (weapon)
Armour
 b - a +0 leather armour (worn)
Wands
 g - a wand of digging (3)
 h - a wand of paralysis (13)
Scrolls
 c - a scroll of fog
 d - a scroll of magic mapping
 e - a scroll of fear
Potions
 f - a potion of haste


   Skills:
 - Level 2.6 Fighting
 + Level 2.2 Short Blades
 - Level 2.1 Dodging
 + Level 7.2 Stealth


You couldn't memorise any spells.
You didn't know any spells.
Your spell library was empty.

Dungeon Overview and Level Annotations

Branches:
Dungeon (6/15)
 Temple: D:4-7

Altars:


Innate Abilities, Weirdness & Mutations

You do not regenerate when monsters are visible.
You are frail without blood (-20% HP).
You can heal yourself when you bite living creatures.
You are immune to poison.
You have razor-sharp teeth.
You have supernaturally acute eyesight. (SInv)
You are afflicted with vampirism.


Message History

You see here a ball python corpse.
You open the door.
Found 13 gold pieces.
There is an open door here.
You now have 23 gold pieces (gained 13).
You open the door.
There is an open door here.
There is an escape hatch in the floor here.
You slide downwards.
The hatch slams shut behind you.
Found a stone staircase leading up.
Unknown command.
There is a stone staircase leading up here.
The phantom hits you!
Ouch! That really hurt!
You climb upwards.
Found a white potion and a spear.
There is a stone staircase leading down here.
You barely miss the phantom. The phantom closely misses you.
You hit the phantom but do no damage.
The phantom hits you but does no damage.
You completely miss the phantom. The phantom misses you.
Okay, then.
You see here a white potion.
It was a potion of berserk rage.
You feel slightly irritated. The phantom closely misses you.
You hit the phantom but do no damage. The phantom hits you.
* * * LOW HITPOINT WARNING * * *
The phantom blinks!
You blink.
Found a bubbling blue potion.
Unknown command.
You hit the phantom.
The phantom is lightly damaged.
The phantom hits you.
* * * LOW HITPOINT WARNING * * *
The phantom blinks!
You blink.
Found 12 gold pieces and a scroll labelled FUAHOTS CUEXEC.
Unknown command.
You hit the phantom.
The phantom is lightly damaged.
The phantom hits you.
You die...

8. #. ## #.
.. #.###.
#.... #...!.
..#
######.?#..
..
.$.....@#....
...##.#W#.#.
# .....
####.#
#.########§#
#).....§§..#
#..##.###..#
.. ...# ...
...##


You could see a phantom.

Vanquished Creatures
  A ball python (D:4)
1 creature vanquished.

Notes
Turn   | Place    | Note
-------+----------+-------------------------------------------
     0 | D:5      | Spectrina the Vampire Delver began the quest for the Orb.
     0 | D:5      | Reached XP level 1. HP: 17/17 MP: 1/1
    25 | D:5      | Noticed an ogre
    69 | D:5      | Noticed an ogre
   132 | D:5      | Noticed a phantom
   145 | D:4      | Slain by a phantom

Illustrated notes

Levels and vault maps discovered:
D:4:      layout_loops_corners, minmay_temple_entry_mini_moons,
          guppyfry_early_orc_mine, uniq_crazy_yiuf_cottage
D:5:      layout_cave_pods
D:6:      layout_loops_ring, serial_shops, shop, ebering_ghost_inner_flame,
          sword_in_stone, uniq_maggie

Action                   || total
-------------------------++-------
Melee: Short sword       ||     7
 Abil: Exsanguinate      ||     1
  Use: Potion            ||     1
 Stab: Sleeping          ||     1
Armor: Leather armour    ||     1
Dodge: Dodged            ||     3
